 Dungeon Crawl Stone Soup version 0.28.0-1-gb440e238dd (webtiles) character file.

Game seed: 337566476181592483

2004 fragbeetle the Transmogrifier (level 9, -3/64 HPs)
             Began as a White Draconian Transmuter on Feb 24, 2022.
             Was a Priest of Nemelex Xobeh.
             Succumbed to Dowan's poison
             ... on level 7 of the Dungeon on Feb 25, 2022.
             The game lasted 00:18:47 (9540 turns).

fragbeetle the Transmogrifier (DrTm)                Turns: 9540, Time: 00:18:47

Health: -3/64      AC:  2    Str: 15    XL:     9   Next: 2%
Magic:  10/12      EV: 19    Int: 14    God:    Nemelex Xobeh [***...]
Gold:   341        SH:  0    Dex: 18    Spells: 4/12 levels left

rFire   . . .      SeeInvis .     - Unarmed
rCold   . . .      Faith    .   (shield currently unavailable)
rNeg    . . .      Spirit   .   (armour unavailable)
rPois   x          Reflect  .   (helmet currently unavailable)
rElec   .          Harm     .   (cloak currently unavailable)
rCorr   .          Rampage  .   (gloves currently unavailable)
Will    .....                   (boots currently unavailable)
Stlth   ++........              (no amulet)
HPRegen 0.20/turn               D - ring of flight
MPRegen 0.13/turn               (no ring)

@: lethally poisoned (-3 -> -56), spider-form, flying
A: venomous fangs, (breathe frost), AC +7, tiny, unfitting armour, (cold
resistance 1), (cold-blooded)
a: End Transformation, Renounce Religion, Draw Escape, Draw Destruction, Draw
Summoning, Triple Draw


You were on level 7 of the Dungeon.
You worshipped Nemelex Xobeh.
Nemelex Xobeh was most pleased with you.
You were a venomous arachnid creature.
You visited 2 branches of the dungeon, and saw 8 of its levels.
You also visited: Sewer.

You collected 341 gold pieces.

Inventory:

Missiles
 l - 9 poisoned darts
 t - 5 boomerangs
 v - a throwing net
Armour
 m - a +0 pair of gloves (melded)
 B - a +0 cloak (melded)
 F - an orb of light (melded)
Jewellery
 c - a ring of fire
 D - a ring of flight (left front leg)
Wands
 k - a wand of paralysis (10)
 q - a wand of iceblast (24)
 u - a wand of flame (4)
 J - a wand of digging (6)
Scrolls
 b - 3 scrolls of enchant armour {unknown}
 d - a scroll of vulnerability {unknown}
 e - a scroll of immolation {unknown}
 f - 2 scrolls of teleportation {unknown}
 g - 3 scrolls of blinking {unknown}
 i - a scroll of fog {unknown}
 j - 8 scrolls of identify {unknown}
 y - a scroll of enchant weapon {unknown}
 z - 2 scrolls of holy word {unknown}
 E - a scroll of acquirement {unknown}
 G - a scroll of torment {unknown}
 H - a scroll of amnesia {unknown}
Potions
 a - a potion of flight {unknown}
 h - 3 potions of brilliance {unknown}
 n - 3 potions of attraction {unknown}
 o - 3 potions of cancellation {unknown}
 p - 4 potions of resistance {unknown}
 r - a potion of might {unknown}
 s - 2 potions of magic {unknown}
 w - 4 potions of curing {unknown}
 x - 2 potions of invisibility {unknown}
 A - a potion of lignification {unknown}
 C - a potion of degeneration {unknown}
 I - a potion of haste {unknown}
 K - a potion of berserk rage {unknown}


   Skills:
 - Level 1.1 Fighting
 - Level 1.7 Dodging
 + Level 4.9 Unarmed Combat
 - Level 2.0 Spellcasting
 * Level 9.1 Transmutations
 + Level 6.1 Ice Magic
 - Level 4.0 Poison Magic


You had 4 spell levels left.
You knew the following spells:

 Your Spells              Type           Power      Damage    Failure   Level
a - Beastly Appendage     Tmut           52%        N/A       3%          1
b - Spider Form           Tmut/Pois      19%        N/A       14%         3
c - Ice Form              Ice/Tmut       22%        N/A       26%         4

Your spell library contained the following spells:

 Spells                   Type           Power      Damage    Failure   Level
 Wereblood                Tmut           26%        N/A       4%          2
 Passwall                 Tmut/Erth      11%        N/A       16%         2
 Ensorcelled Hibernation  Hex/Ice        18%        N/A       26%         2
 Swiftness                Air            1%         N/A       77%         3


Dungeon Overview and Level Annotations

Branches:
Dungeon (7/15)             Temple (1/1) D:5           Sewer (visited)

Altars:
Ashenzari
Cheibriados
Dithmenos
Elyvilon
Gozag
Hepliaklqana
Kikubaaqudgha
Makhleb
Nemelex Xobeh
Okawaru
Qazlal
Ru
Trog
Uskayaw
Vehumet
Wu Jian
Xom
Yredelemnul
Zin
The Shining One

Shops:
D:5 :

Annotations:
D:4 1 runed translucent door, Crazy Yiuf, Edmund
D:7 Dowan, Duvessa


Innate Abilities, Weirdness & Mutations

You are a venomous arachnid creature.
You have poisonous fangs.
You are tiny and dextrous.
Your spellcasting is less reliable in this form.
Your armour is entirely melded.
You are incapable of wielding weapons or throwing items.
((You can breathe waves of freezing cold which knock back foes.))
((Your icy white scales are hard. (AC +7)))
You cannot fit into any form of body armour.
((Your flesh is cold resistant. (rC+)))
((You are cold-blooded and may be slowed by cold attacks.))


Message History

Your orb of light melds into your body.
The iguana misses you.
You hit the iguana but do no damage. The iguana completely misses you.
You bite the iguana!
The iguana is heavily wounded.
The iguana completely misses you.
The hobgoblin throws a stone.
The stone hits you but does no damage.
The goblin throws a stone.
The stone barely misses you.
The stone hits the iguana but does no damage.
You bite the iguana!
The iguana is almost dead.
The iguana completely misses you.
You completely miss the iguana.
The iguana is almost dead.
The iguana bites you! Dowan barely misses you.
You hit the iguana.
You kill the iguana!
Dowan hits you with a +4 dagger of venom.
You are poisoned.
You bite Dowan!
Dowan is poisoned.
Dowan is heavily wounded.
You feel very sick.
Dowan hits you with a +4 dagger of venom!
You are lethally poisoned!
The goblin throws a stone.
The stone barely misses you.
You closely miss Dowan.
Dowan is heavily wounded.
You feel extremely sick.
Dowan hits you with a +4 dagger of venom.
You are more poisoned.
A goblin comes into view.
You closely miss Dowan.
Dowan is heavily wounded.
* * * LOW HITPOINT WARNING * * *
You feel extremely sick. Dowan casts a spell at you.
You easily resist.
Unknown command.
You die...
Your body glows slightly and disappears.

.....##.####......
####.......######## ##
##...#.<##### #.g
#..........# .≈gg
#..........#### (.≈≈≈####
#.#......####.. _...(g..#
#..#.#....####.. ..
#.###.##........##.. ..
##e.s..........#.....
..##
#.##....#.......###..
....
#####.##.##.##...#..###..
...#
#.....##.#...#.......##..
...#
##.##....#.P.#....#...#..
...##
#.#####.#...#....#......
....######.#
#.##.##....###....
..#.....##.#
...#.#####........
.######....##### ##.##
#####.....


You could see Dowan (very poisoned), a hobgoblin and 3 goblins.

Vanquished Creatures
  2 sky beasts
  2 centaurs
  A phantom (D:7)
  Blork the orc (D:4)
  A kobold brigand (D:6)
  3 bullfrogs
  2 water moccasin skeletons
  3 wights (D:7)
  2 bullfrog zombies
  A centaur zombie (D:5)
  2 hounds
  5 jellies
  An orc priest (D:3)
  2 gnoll shamans (D:6)
  Terence (D:3)
  3 iguanas
  Natasha (thrice) (D:4)
  A killer bee zombie (D:6)
  A howler monkey zombie (D:6)
  13 gnolls
  10 adders
  2 river rats (Sewer)
  2 ufetubi
  2 worms
  A dart slug (D:3)
  12 orcs
  6 bats
  20 endoplasms
  9 giant cockroaches
  5 goblins
  8 hobgoblins
  10 jackals
  11 kobolds
  5 quokkas
  8 ball pythons
  7 frilled lizards
  6 rats
174 creatures vanquished.

Vanquished Creatures (collateral kills)
  A jelly (Sewer)
  An adder (Sewer)
  A ball python (Sewer)
3 creatures vanquished.

Vanquished Creatures (others)
  16 plants
16 creatures vanquished.

Grand Total: 193 creatures vanquished

Notes
Turn   | Place    | Note
-------+----------+-------------------------------------------
     0 | D:1      | fragbeetle the Draconian Transmuter began the quest for the
                  | Orb.
     0 | D:1      | Reached XP level 1. HP: 16/16 MP: 3/3
   699 | D:1      | Reached XP level 2. HP: 20/23 MP: 3/5
  1459 | D:1      | Found a faded altar of an unknown god.
  1483 | D:1      | Reached XP level 3. HP: 25/28 MP: 4/6
  1492 | D:1      | Learned a level 3 spell: Spider Form
  1794 | D:2      | Reached skill level 3 in Transmutations
  2045 | D:1      | Reached XP level 4. HP: 24/35 MP: 5/7
  2338 | D:2      | Reached skill level 1 in Poison Magic
  2889 | D:3      | Found a shadowy altar of Dithmenos.
  2889 | D:3      | Found a sparkling altar of Nemelex Xobeh.
  2911 | D:3      | Reached skill level 4 in Transmutations
  2919 | D:3      | Reached XP level 5. HP: 34/40 MP: 8/8
  2953 | D:3      | Became a worshipper of Nemelex Xobeh the Trickster
  3041 | D:3      | Learned a level 4 spell: Ice Form
  3231 | D:3      | Noticed Terence
  3262 | D:3      | Killed Terence
  3744 | D:3      | Found a burning altar of Makhleb.
  4165 | D:4      | Reached * piety under Nemelex Xobeh
  4165 | D:4      | Received a gift from Nemelex Xobeh
  4192 | D:4      | Reached skill level 5 in Transmutations
  4192 | D:4      | Reached XP level 6. HP: 35/47 MP: 9/9
  4413 | D:4      | Noticed Edmund
  4514 | D:4      | Noticed Blork the orc
  4522 | D:4      | Killed Blork the orc
  4523 | D:4      | Reached skill level 1 in Ice Magic
  4715 | D:4      | Noticed Natasha
  4722 | D:4      | Killed Natasha
  5048 | D:4      | Found a runed translucent door.
  5049 | D:4      | Noticed Crazy Yiuf
  5124 | D:4      | Noticed Natasha
  5136 | D:4      | Killed Natasha
  5210 | D:4      | Noticed Natasha
  5217 | D:4      | Killed Natasha
  5619 | D:5      | Entered Level 5 of the Dungeon
  5633 | D:5      | Received a gift from Nemelex Xobeh
  5694 | D:5      | Found a basalt altar of Yredelemnul.
  5704 | D:5      | Noticed a sky beast
  5720 | D:5      | Killed a sky beast
  5721 | D:5      | Reached skill level 6 in Transmutations
  5721 | D:5      | Your scales start taking on an icy white colour.
  5721 | D:5      | Reached XP level 7. HP: 34/52 MP: 7/10
  5721 | D:5      | Gained mutation: Your flesh is cold resistant. (rC+) [White
                  | Draconian growth]
  5826 | D:5      | Found Qiqourch's Book Shop.
  5930 | D:5      | Reached ** piety under Nemelex Xobeh
  5944 | D:5      | Found a glowing drain.
  5957 | Sewer    | Entered a sewer
  6251 | Sewer    | Received a gift from Nemelex Xobeh
  6276 | Sewer    | Found a viscous altar of Jiyva.
  6393 | D:5      | Found a staircase to the Ecumenical Temple.
  6403 | Temple   | Entered the Ecumenical Temple
  7388 | D:6      | Reached skill level 7 in Transmutations
  7412 | D:6      | Reached XP level 8. HP: 54/59 MP: 11/11
  7825 | D:6      | Reached skill level 8 in Transmutations
  7825 | D:6      | Reached skill level 5 in Ice Magic
  8556 | D:6      | Received a gift from Nemelex Xobeh
  8747 | D:7      | Reached *** piety under Nemelex Xobeh
  8927 | D:7      | Received a gift from Nemelex Xobeh
  9264 | D:7      | Reached skill level 9 in Transmutations
  9384 | D:7      | Found a white marble altar of Elyvilon.
  9394 | D:7      | Reached XP level 9. HP: 49/64 MP: 8/12
  9507 | D:7      | Found an iron altar of Okawaru.
  9509 | D:7      | Noticed Dowan
  9510 | D:7      | Noticed Duvessa
  9529 | D:7      | Found a bloodstained altar of Trog.
  9540 | D:7      | Succumbed to Dowan's poison

Illustrated notes

Levels and vault maps discovered:
D:1:      minmay_arrival_doors, layout_loops_corners,
          hellmonk_ecumenical_altar_heavens_door, serial_bayou_lagoon_b
D:2:      layout_loops_ring, hangedman_decor_points, st_stairs_4,
          minmay_worlds_worst_comb
D:3:      layout_basic, lightli_temple_of_fire, jmf_multi_god_temple,
          uniq_terence
D:4:      layout_basic, uniq_crazy_yiuf_cottage, uniq_blork_the_orc,
          uniq_natasha, uniq_edmund
D:5:      layout_loops_corners, lemuel_tele_altar, minmay_temple_entry_grid,
          serial_shops, shop, cheibrodos_sewer_entry_sluice
D:6:      layout_loops_ring
D:7:      layout_rooms, okawaru_metal_pillars_1_2, elyvilon_altar_1,
          trog_hazing_becter, nicolae_grassy_gnolls, uniq_duvessa
Temple:   oiseaux_autumnal_temple

Skill      XL: |  1  2  3  4  5  6  7  8 |
---------------+-------------------------+-----
Transmutations | 3 4 5 6 7 9 |  9.1
Poison Magic   | 1 2 3 4 |  4.0
Unarmed Combat | 4 |  4.9
Ice Magic      | 2 4 6 |  6.1
Fighting       | |  1.1
Dodging        | |  1.7
Spellcasting   | |  2.0

Action                   |  1- 3 |  4- 6 |  7- 9 || total
-------------------------+-------+-------+-------++-------
Melee: Unarmed           |   108 |   184 |   275 ||   567
       Kick              |    19 |    27 |    53 ||    99
       Tailslap          |    12 |    18 |    17 ||    47
       Headbutt          |    13 |    27 |    32 ||    72
       Punch             |     2 |     4 |     2 ||     8
 Cast: Beastly Appendage |    27 |    27 |    26 ||    80
       Spider Form       |       |     7 |    11 ||    18
       Ice Form          |       |       |     1 ||     1
Invok: Draw Summoning    |       |       |     1 ||     1
       Draw Destruction  |       |       |     4 ||     4
 Abil: Breathe Frost     |       |       |     1 ||     1
 Stab: Sleeping          |     1 |     1 |     1 ||     3
Armor: Skin              |    33 |    34 |    60 ||   127
Dodge: Dodged            |    74 |   103 |   175 ||   352
